 Dungeon Crawl Stone Soup version 0.31-a0-963-ga325b2283a (webtiles) character file.

Game seed: 16803607718647013657

2715994 jt the Slayer (level 27, 279/279 HPs)
             Began as a Naga Conjurer on Oct 25, 2023.
             Was a High Priest of Wu Jian.
             Escaped with the Orb
             ... and 4 runes on Oct 28, 2023!
             The game lasted 06:14:01 (55971 turns).

jt the Slayer (Naga Conjurer)                      Turns: 55971, Time: 06:14:01

Health: 279/279    AC: 48    Str: 28    XL:     27
Magic:  39/39      EV: 10    Int: 28    God:    Wu Jian [*****.]
Gold:   4717       SH: 21    Dex: 16    Spells: 40/50 levels left

rFire   + + .        c - +12 eveningstar of Ithujuit {freeze, rCorr}
rCold   + + .        V - +5 kite shield {rC+}
rNeg    + . .        e - +9 plate armour "Nuunaiz" {+Blink rElec}
rPois   +            Y - +1 helmet "Yrriofer" {Drain rC- Regen+ Dex+6}
rElec   +            G - scarf {rC+ rF+}
rCorr   +            w - +2 pair of gloves
SInv    +            g - +1 barding of Ziusaw {rC+ Slay+2}
Will    ++...        i - dreamshard necklace {Acrobat *Dream}
Stlth   +            L - ring of Amorality {rF+ rN+ Will- Int+4 SInv}
HPRegen 1.46/turn    S - ring "Karu Cel" {rCorr Str+6 Int+2 SInv Stlth+}
MPRegen 0.26/turn

%: acrobat
@: studying 4 skills, very slow
A: AC +9, large, see invisible, deformed body, poison resistance, slowness 2,
spit poison 1, naga tail 2, iridescent scales 1, strong 1, inability to read
after injury 1
0: Orb of Zot
}: 4/15 runes: serpentine, barnacled, slimy, silver
a: Spit Poison, Renounce Religion, Evoke Blink, Wall Jump, Serpent's Lash,
Heavenly Storm


You escaped.
You worshipped Wu Jian.
Wu Jian was extremely pleased with you.
You visited 11 branches of the dungeon, and saw 53 of its levels.
You visited the Abyss 1 time.
You visited 1 bazaar.
You visited 1 ziggurat, and saw 11 of its levels.
You also visited: Sewer, Gauntlet, Ice Cave and Desolation.

You collected 7763 gold pieces.
You spent 3046 gold pieces at shops.

Inventory:

Hand Weapons
 a - a +9 vampiric morningstar
 b - the +3 Elemental Staff {ele, rElec rF+ rC+ AC+3}
   (You took it off an occultist on level 3 of the Depths)

   AC+3:      It affects your AC (+3).
   rF+:       It protects you from fire.
   rC+:       It protects you from cold.
   rElec:     It insulates you from electricity.
 c - the +12 eveningstar of Ithujuit (weapon) {freeze, rCorr}
   (You acquired it on level 6 of a ziggurat)

   rCorr:     It protects you from acid and corrosion.
 j - the +7 sceptre of Torment {pain, torment}
   (You found it on level 8 of a ziggurat)
Missiles
 J - 12 curare-tipped darts
Armour
 e - the +9 plate armour "Nuunaiz" (worn) {+Blink rElec}
   (You found it on level 1 of the Elven Halls)

   rElec:     It insulates you from electricity.
   +Blink:    It lets you blink.
 g - the +1 barding of Ziusaw (worn) {rC+ Slay+2}
   (You acquired it on level 7 of a ziggurat)

   Slay+2:    It affects your accuracy & damage with ranged weapons and melee
   (+2).
   rC+:       It protects you from cold.
 w - a +2 pair of gloves (worn)
 G - a scarf of resistance (worn)
 K - +10 pearl dragon scales
 V - a +5 kite shield of cold resistance (worn)
 Y - the +1 helmet "Yrriofer" (worn) {Drain rC- Regen+ Dex+6}
   (You found it on level 10 of the Dungeon)

   Dex+6:     It affects your dexterity (+6).
   rC-:       It makes you vulnerable to cold.
   Regen+:    It increases your rate of health regeneration.
   Drain:     It drains your maximum health when unequipped.
Jewellery
 i - the dreamshard necklace (around neck) {Acrobat *Dream}
   (You took it off a vault guard on level 5 of the Vaults)

   [amulet of the acrobat]

   *Dream:    It absorbs a single lethal wound into itself, holding its wearer
   just short of death and releasing dream-creatures to guard them.
   Acrobat:   It increases your evasion while moving and waiting.
 I - the ring of Viruil {Wiz Will+}
   (You took it off a deep elf blademaster on level 3 of the Elven Halls)

   [ring of wizardry]

   Wiz:       It improves your spell success rate.
   Will+:     It increases your willpower.
 L - the ring of Amorality (left hand) {rF+ rN+ Will- Int+4 SInv}
   (You bought it in a shop on level 4 of the Dungeon)

   [ring of positive energy]

   Int+4:     It affects your intelligence (+4).
   rF+:       It protects you from fire.
   rN+:       It protects you from negative energy.
   Will-:     It decreases your willpower.
   SInv:      It lets you see invisible.
 N - the ring of Duraasio {rN++ rCorr SInv}
   (You took it off an orc wizard on level 5 of the Vaults)

   [ring of resist corrosion]

   rN++:      It greatly protects you from negative energy.
   SInv:      It lets you see invisible.
   rCorr:     It protects you from acid and corrosion.
 S - the ring "Karu Cel" (right hand) {rCorr Str+6 Int+2 SInv Stlth+}
   (You found it on level 8 of a ziggurat)

   [ring of strength]

   Str+6:     It affects your strength (+6).
   Int+2:     It affects your intelligence (+2).
   SInv:      It lets you see invisible.
   rCorr:     It protects you from acid and corrosion.
   Stlth+:    It makes you more stealthy.
Wands
 h - a wand of roots (45)
 p - a wand of paralysis (56)
 q - a wand of polymorph (23)
 y - a wand of flame (63)
 P - a wand of acid (14)
 T - a wand of digging (20)
Scrolls
 n - 10 scrolls of fear
 o - 5 scrolls of poison
 s - 15 scrolls of fog
 t - 7 scrolls of vulnerability
 z - a scroll of enchant armour
 A - 4 scrolls of summoning
 B - 4 scrolls of immolation
 C - 25 scrolls of teleportation
 M - 8 scrolls of revelation
 O - 4 scrolls of blinking
 Z - 2 scrolls of silence
Potions
 d - 11 potions of mutation
 f - a potion of cancellation
 k - 4 potions of invisibility
 l - 8 potions of magic
 r - 12 potions of curing
 u - a potion of berserk rage
 D - a potion of heal wounds
 Q - 4 potions of ambrosia
Miscellaneous
 m - a lightning rod (4/4)
 v - a tin of tremorstones (2/2)
 x - a box of beasts
 F - a phantom mirror
 W - a phial of floods


   Skills:
 - Level 22.4 Fighting
 - Level 19.0 Maces & Flails
 - Level 6.0 Throwing
 - Level 18.7 Armour
 - Level 14.5 Dodging
 - Level 15.0 Stealth
 - Level 20.6 Shields
 + Level 12.2 Spellcasting
 - Level 4.7 Conjurations
 + Level 13.1 Translocations
 + Level 12.7 Air Magic
 - Level 11.9 Evocations


You had 40 spell levels left.
You knew the following spells:

 Your Spells              Type           Power      Damage    Failure   Level
a - Magic Dart            Conj           100%       1d8       2%          1
b - Apportation           Tloc           100%       N/A       1%          1
c - Iskenderun's Mystic   Conj/Tloc      61%        2d13      4%          4
d - Vhi's Electric Charg  Tloc/Air       100%       N/A       1%          4

Your spell library contained the following spells:

 Spells                   Type           Power      Damage    Failure   Level
 Shock                    Conj/Air       100%       1d9       1%          1
 Blink                    Tloc           100%       N/A       1%          2
 Lesser Beckoning         Tloc           100%       N/A       1%          2
 Momentum Strike          Conj/Tloc      100%       3d10      1%          2
 Poisonous Vapours        Pois/Air       100%       N/A       1%          2
 Static Discharge         Conj/Air       100%       3-8/arc   1%          2
 Gell's Gravitas          Tloc           74%        N/A       1%          3
 Swiftness                Air            73%        N/A       1%          3
 Teleport Other           Tloc           74%        N/A       1%          3
 Airstrike                Air            36%        2d(6-22)  1%          4
 Passage of Golubria      Tloc           74%        N/A       1%          4
 Volatile Blastmotes      Fire/Tloc      100%       2d18      3%          3
 Cigotuvi's Dreadful Rot  Necr/Pois/Air  80%        N/A       4%          2
 Searing Ray              Conj           86%        2d7       4%          2
 Mephitic Cloud           Conj/Pois/Air  49%        N/A       4%          3
 Foxfire                  Conj/Fire      100%       2x1d9     7%          1
 Kiss of Death            Conj/Necr      100%       2d13      7%          1
 Dimensional Bullseye     Hex/Tloc       26%        N/A       12%         4
 Summon Lightning Spire   Summ/Air       51%        N/A       14%         4
 Arcjolt                  Conj/Air       30%        1d40      14%         5
 Freeze                   Ice            68%        1d8       19%         1
 Necrotise                Necr           68%        1d7       19%         1
 Slow                     Hex            68%        N/A       19%         1
 Sting                    Tmut/Pois      68%        1d6       19%         1
 Summon Small Mammal      Summ           68%        N/A       19%         1
 Dazzling Flash           Conj/Hex       60%        N/A       21%         3
 Hailstorm                Conj/Ice       30%        3d8       21%         3
 Call Imp                 Summ           34%        N/A       28%         2
 Ensorcelled Hibernation  Hex/Ice        34%        N/A       28%         2
 Jinxbite                 Hex            34%        N/A       28%         2
 Passwall                 Tmut/Erth      14%        N/A       28%         2
 Scorch                   Fire           34%        2d6       28%         2
 Sublimation of Blood     Necr           17%        N/A       28%         2
 Wereblood                Tmut           17%        N/A       28%         2
 Summon Forest            Summ/Tloc      26%        N/A       34%         5
 Silence                  Hex/Air        25%        N/A       36%         5
 Freezing Cloud           Conj/Ice/Air   24%        6-21      43%         5
 Call Canine Familiar     Summ           17%        N/A       50%         3
 Confusing Touch          Hex            17%        N/A       50%         3
 Frozen Ramparts          Ice            34%        1d6       50%         3
 Ignite Poison            Fire/Tmut/Pois 17%        N/A       50%         3
 Inner Flame              Hex/Fire       17%        N/A       50%         3
 Ozocubu's Armour         Ice            17%        N/A       50%         3
 Sigil of Binding         Hex            17%        N/A       50%         3
 Summon Guardian Golem    Hex/Summ       17%        N/A       50%         3
 Tukima's Dance           Hex            17%        N/A       50%         3
 Brom's Barrelling Bould  Conj/Erth      30%        2d5       56%         4
 Flame Wave               Conj/Fire      30%        2d9       56%         4
 Fulminant Prism          Conj/Hex       15%        3d10      56%         4
 Sticky Flame             Conj/Fire      30%        2d5       56%         4
 Iskenderun's Battlesphe  Conj           43%        2d9       58%         5
 Conjure Ball Lightning   Conj/Air       30%        3x3d10    61%         6
 Anguish                  Hex/Necr       8%         N/A       88%         4
 Animate Dead             Necr           17%        N/A       88%         4
 Cause Fear               Hex            8%         N/A       88%         4
 Dispel Undead            Necr           17%        3d10      88%         4
 Leda's Liquefaction      Hex/Erth       8%         N/A       88%         4
 Olgreb's Toxic Radiance  Pois           17%        N/A       88%         4
 Summon Ice Beast         Ice/Summ       17%        N/A       88%         4
 Fireball                 Conj/Fire      15%        3d8       88%         5
 Irradiate                Conj/Tmut      15%        3d16      88%         5
 Plasma Beam              Fire/Air       25%        2x1d38    91%         6
 Agony                    Necr           17%        N/A       99%         5
 Alistair's Intoxication  Tmut/Pois      11%        N/A       99%         5
 Borgnjor's Vile Clutch   Necr/Erth      8%         N/A       99%         5
 Lee's Rapid Deconstruct  Erth           8%         3d7*      99%         5
 Metabolic Englaciation   Hex/Ice        8%         N/A       99%         5
 Summon Mana Viper        Hex/Summ       17%        N/A       99%         5
 Yara's Violent Unravell  Hex/Tmut       8%         3d5       99%         5
 Bombard                  Conj/Erth      15%        9d3       100%        6
 Death Channel            Necr           8%         N/A       100%        6
 Eringya's Noxious Bog    Tmut/Pois      8%         4d6       100%        6
 Simulacrum               Ice/Necr       8%         N/A       100%        6
 Starburst                Conj/Fire      15%        6d6       100%        6
 Summon Cactus Giant      Summ           8%         N/A       100%        6
 Enfeeble                 Hex            8%         N/A       100%        7
 Haunt                    Necr/Summ      8%         N/A       100%        7
 Malign Gateway           Summ/Tloc      26%        N/A       100%        7
 Orb of Destruction       Conj           21%        9d8       100%        7
 Ozocubu's Refrigeration  Ice            8%         4d9       100%        7
 Spellforged Servitor     Conj/Summ      15%        N/A       100%        7
 Summon Hydra             Summ           8%         N/A       100%        7
 Borgnjor's Revivificati  Necr           8%         N/A       100%        8
 Discord                  Hex            8%         N/A       100%        8
 Ignition                 Fire           8%         3d5       100%        8
 Lehudib's Crystal Spear  Conj/Erth      15%        10d5      100%        8
 Maxwell's Capacitive Co  Air            36%        ∞         100%        8
 Chain Lightning          Conj/Air       30%        3d40      100%        9
 Death's Door             Necr           8%         N/A       100%        9
 Dragon's Call            Summ           8%         N/A       100%        9
 Fire Storm               Conj/Fire      15%        8d4       100%        9
 Polar Vortex             Ice            8%         12d1*     100%        9
 Shatter                  Erth           8%         3d10*     100%        9


Dungeon Overview and Level Annotations

Branches:
Dungeon (15/15)            Temple (1/1) D:4            Lair (5/5) D:9
 Shoals (4/4) Lair:2        Snake (4/4) Lair:2        Slime (5/5) Lair:5
    Orc (2/2) D:11            Elf (3/3) Orc:2        Vaults (5/5) D:14
  Crypt (0/3) Vaults:2     Depths (4/4) D:15            Zot (5/5) Depths:4
  Sewer (visited)           IceCv (visited)         Desolation (visited)
Gauntlet (visited)

Altars:
Ashenzari
Cheibriados
Dithmenos
Elyvilon
Fedhas
Gozag
Hepliaklqana
Kikubaaqudgha
Makhleb
Nemelex Xobeh
Okawaru
Qazlal
Ru
Sif Muna
Trog
Uskayaw
Vehumet
Wu Jian
Xom
Yredelemnul
Zin
The Shining One
Jiyva

Shops:
D:4 **   D:11 (   D:12 [   D:14 !   Orc:2 (:??   Elf:2 =(?   Elf:3 (
Shoals:3 (   Snake:2 [=!([*   Vaults:5 =?*[

Portals:
Hell: Depths:1 Depths:2 Depths:3 Depths:4
Abyss: Depths:2 Depths:3
Pandemonium: Depths:2

Annotations:
Zot:5 2 transporters


Innate Abilities, Weirdness & Mutations

Your serpentine skin is tough. (AC +9)
You have supernaturally acute eyesight. (SInv)
Armour fits poorly on your strangely shaped body.
Your system is resistant to poisons. (rPois)
You cover ground very slowly.
You can spit poison.
You can use your snake-like lower body to constrict enemies.
You are partially covered in iridescent scales. (AC +2)
Your muscles are strong. (Str +4, Int/Dex -1)
You occasionally lose the ability to read scrolls when taking damage.


Message History

You kill the gnoll!
The Council accepts your kill. The gnoll hits you but does no damage.
Press: ? - help, v - describe, . - travel
Here: a gnoll, wielding a +0 club and quivering a throwing net The floor.
You hit the gnoll. You freeze the gnoll. Your grab misses the gnoll.
The gnoll is severely wounded.
You block the gnoll's attack.
You spin and attack the gnoll repeatedly.
You sock the gnoll! You freeze the gnoll.
You kill the gnoll!
The Council accepts your kill.
Press: ? - help, v - describe, . - travel, g - get item
Items here: a +0 club; a throwing net; a gnoll corpse.
The floor, spattered with blood.
This square is covered in magical glow.
There is a stone staircase leading up here.
You climb upwards.
There is a stone staircase leading down here.
There is an escape hatch in the ceiling here.
A mysterious force pulls you upwards. The hatch slams shut behind you.
What level of the Dungeon? (default 1, ? - help)
An Orb Guardian comes into view.
The Orb Guardian moves out of view.
You lunge at the Orb Guardian.
You hit the Orb Guardian but do no damage.
You block the Orb Guardian's attack. x2
You impale the Orb Guardian!! You freeze the Orb Guardian!
The Orb Guardian is heavily wounded.
The Orb Guardian hits you but does no damage.
You bludgeon the Orb Guardian!! You freeze the Orb Guardian.
The Orb Guardian is almost dead.
You block the Orb Guardian's attack.
You impale the Orb Guardian!! You freeze the Orb Guardian.
You kill the Orb Guardian!
The Council accepts your kill.
What level of the Dungeon? (default 1, ? - help)
There is a staircase leading out of the dungeon here.
You have escaped!

.........# #...# #...
.........# #...# #...
.........# #...# ####
......#### #...#
......# #...# ......#
#...# ###.### #####
###.## #####
.....##########.@.##
.....'......##.....##
.....######.#.#8~8#.#
.....# #.#.#≈≈≈#.#
.....# #.#.#8≈8#.#
.....######.#.#≈≈≈#.#
.........##.#.#8≈8#.#
.....###.##.##.....##
.....# #....####.###


There were no monsters in sight!

Vanquished Creatures
  the Royal Jelly (Slime:5)
  3 dread liches
  3 ancient liches
  7 orbs of fire (Zot:5)
  2 pandemonium lords
  2 royal mummies (Zig:3)
  3 shard shrikes (Depths:3)
  7 Killer Klowns
  Vv (Zot:1)
  5 caustic shrikes (Depths:4)
  3 curse toes
  7 golden dragons
  Norris (Depths:2)
  2 bone dragons
  An iron giant (shapeshifter) (Zig:8)
  2 iron giants (Depths:3)
  A hellephant (Depths:3)
  The ghost of Konoat the Impregnable, an adept MiFi of the Shining One (Vaults:3)
  An Ice Fiend (D:7)
  Mlioglotl (Snake:3)
  2 Brimstone Fiends
  2 electric golems (Zot:5)
  8 tentacled monstrosities
  A Hell Sentinel (Zig:8)
  A walking crystal tome (Depths:3)
  Zenata (Vaults:3)
  Jorgrun (Snake:3)
  5 titans
  3 liches
  29 Orb Guardians
  A walking earthen tome (Depths:4)
  2 deep elf blademasters (Elf:3)
  A quicksilver dragon (shapeshifter) (Zig:8)
  5 quicksilver dragons
  16 acid blobs
  7 sphinxes
  Polyphemus (Shoals:2)
  4 tentacled starspawn (Abyss:2)
  10 death cobs
  An Executioner (Zig:10)
  3 tengu reavers
  9 shadow dragons
  15 storm dragons
  Aizul (Snake:4)
  20 nagarajas
  Donald (Elf:3)
  2 draconian knights
  5 draconian monks
  An azure jelly (shapeshifter) (Zig:10)
  A fenstrider witch (shapeshifter) (Zig:10)
  A daeva (D:14)
  16 azure jellies
  A revenant (Zig:4)
  13 fire giants
  9 rockslimes
  11 frost giants
  8 deep elf sorcerers (Elf:3)
  27 vault wardens
  4 iron dragons
  A quicksilver elemental (Zig:2)
  A fire giant (shapeshifter) (Zig:10)
  5 deep elf elementalists
  6 draconian scorchers
  A ghost moth (Zot:5)
  2 balrugs (Depths:1)
  Louise (Depths:3)
  A curse skull (Zig:4)
  4 draconian stormcallers
  7 ironbound thunderhulks
  8 draconian shifters
  A cacodemon (Zot:5)
  10 stone giants
  2 orc warlords
  10 draconian annihilators
  7 formless jellyfish
  17 very ugly things
  17 quicksilver oozes
  7 green draconians
  3 war gargoyles
  17 ironbound preservers
  8 black draconians
  A minotaur (Gauntlet)
  3 halazid warlocks (Desolation)
  5 deep elf demonologists
  Azrael (D:13)
  6 spark wasps
  Nessos (Lair:3)
  16 purple draconians
  17 yellow draconians
  9 deep elf annihilators
  10 red draconians
  13 white draconians
  7 dire elephants
  3 eidola
  2 merfolk impalers (Shoals:3)
  6 fire dragons
  3 crystal guardians (Desolation)
  4 deep elf death magi (Elf:3)
  3 iron golems
  9 deep elf high priests
  7 ice dragons
  6 ettins
  6 merfolk javelineers (Shoals:4)
  4 entropy weavers
  Josephine (Orc:1)
  19 yaktaur captains
  8 peacekeepers
  7 ragged hierophants (Desolation)
  11 servants of whispers (Desolation)
  5 hydras
  9 great orbs of eyes
  13 centaur warriors
  40 vault guards
  Erolcha (Orc:2)
  2 hell beasts
  3 rakshasas
  3 ogre magi
  2 merfolk avatars
  5 salamander tyrants
  An alligator snapping turtle (Shoals:1)
  Erica (D:7)
  2 catoblepae
  5 ironbound frosthearts
  5 merfolk aquamancers (Shoals:4)
  8 anacondas
  A death knight (D:14)
  2 satyrs (Shoals:4)
  10 two-headed ogres
  A satyr (shapeshifter) (Vaults:4)
  7 deep troll earth magi
  29 dancing weapons
  2 sphinx skeletons
  3 death yaks (Shoals:2)
  2 deep troll shamans (Depths:4)
  3 tengu warriors
  11 boulder beetles
  28 naga warriors
  4 vampire magi
  3 hell hogs (Depths:1)
  A thrashing horror (Abyss:2)
  3 spriggan berserkers
  10 naga sharpshooters
  8 shock serpents
  A spriggan (Depths:1)
  A sun demon (Depths:1)
  An orc high priest (Elf:1)
  17 deep elf knights
  8 hell knights
  Urug (D:13)
  Nergalle (Orc:2)
  10 skysharks
  Sonja (Lair:2)
  9 skeletal warriors
  2 soul eaters (Depths:1)
  A crystal echidna (Zig:2)
  2 salamander mystics (Snake:4)
  A wretched star (Abyss:2)
  4 glowing orange brains
  4 flayed ghosts
  7 sea snakes
  An orb spider (shapeshifter) (Vaults:4)
  41 deep trolls
  3 orb spiders (Zig:7)
  A tengu zombie (Depths:1)
  3 iron trolls
  A kraken simulacrum (Shoals:4)
  A swamp dragon (Lair:5)
  6 obsidian statues
  An orange crystal statue (Zig:10)
  19 naga ritualists
  33 deep elf pyromancers
  7 arcanists
  2 golden dragon skeletons (Depths:1)
  3 orc knights
  7 deep elf archers
  26 ironbound convokers
  14 lindwurms
  20 mana vipers
  19 harpies
  A wolf spider (Zig:7)
  A steelbarb worm (Zig:7)
  5 phantasmal warriors
  A mana viper (shapeshifter) (Depths:4)
  A fire giant zombie (Vaults:4)
  A shining eye (Slime:1)
  28 deep elf zephyrmancers
  A wolf spider (shapeshifter) (Vaults:5)
  37 ugly things
  9 fauns
  3 necromancers
  12 orc sorcerers
  2 worldbinders (Abyss:2)
  A moth of wrath (shapeshifter) (Vaults:2)
  A salamander (shapeshifter) (Elf:1)
  10 merfolk sirens
  18 salamanders
  9 manticores
  34 moths of wrath
  8 large abominations
  10 cyclopes
  17 elephants
  Maurice (D:8)
  16 vault sentinels
  4 ice statues
  A rust devil (D:5)
  5 smoke demons
  4 apocalypse crabs
  17 naga magi
  8 water nymphs
  54 black mambas
  An eye of devastation (shapeshifter) (Vaults:5)
  2 gargoyles
  An orange demon (Zot:5)
  18 guardian serpents
  8 torpor snails
  3 eyes of devastation (Slime:5)
  Maggie (D:6)
  8 cane toads
  2 unseen horrors
  7 komodo dragons
  An efreet (D:15)
  3 hellions
  2 kobold demonologists (D:12)
  4 rime drakes
  3 freezing wraiths
  2 yaktaurs (shapeshifter)
  An elf skeleton (Vaults:4)
  A silent spectre (Orc:1)
  An anaconda simulacrum (Lair:2)
  32 yaktaurs
  2 ancient zymes (Abyss:2)
  A human skeleton (Vaults:4)
  A troll (shapeshifter) (Vaults:5)
  A tengu conjurer (Depths:3)
  13 trolls
  4 meliai
  A polar bear (shapeshifter) (D:15)
  9 hornets
  28 merfolk
  5 wind drakes
  Prince Ribbit (D:8)
  3 tyrant leeches (Lair:5)
  A wind drake (shapeshifter) (Vaults:5)
  4 polar bears
  13 snapping turtles
  A snapping turtle (shapeshifter) (Elf:1)
  14 blink frogs
  2 raiju (Abyss:2)
  4 glass eyes
  58 saltlings (Desolation)
  9 dream sheep
  2 dream sheep (shapeshifter)
  A spriggan zombie (D:15)
  Sigmund (D:4)
  10 water elementals
  4 air elementals
  52 yaks
  5 wraiths
  69 slime creatures
  6 wyverns
  A vampire (D:10)
  A dire elephant simulacrum (Lair:2)
  A shadow (D:12)
  A ynoxinul (Zot:2)
  A culicivora (Zig:7)
  Eustachio (D:5)
  8 basilisks
  4 neqoxecs (Abyss:2)
  A hog (shapeshifter) (Zig:5)
  2 redbacks (Vaults:1)
  Grum (D:8)
  2 golden eyes (Slime:5)
  7 fire elementals
  3 steam dragons
  A human simulacrum (Vaults:4)
  3 chaos spawn (Zig:8)
  7 vampire mosquitoes
  2 wargs (Orc:1)
  6 great orb of eyes simulacra (IceCv)
  37 nagas
  3 swamp worms (Gauntlet)
  27 water moccasins
  A hydra simulacrum (Lair:2)
  8 acid dragons
  A meliai simulacrum (D:11)
  Pargi (Sewer)
  A swamp drake (Lair:5)
  2 ice beasts
  13 small abominations
  A black bear (D:4)
  A hornet zombie (D:6)
  22 orc warriors
  10 ogres
  2 spriggan simulacra
  17 wolves
  A black mamba simulacrum (Lair:2)
  20 centaurs
  A boggart (D:11)
  2 phantoms (D:6)
  3 slime creature simulacra (IceCv)
  6 kobold brigands
  12 bullfrogs
  2 gnoll sergeants
  A scorpion (D:6)
  An ogre simulacrum (Vaults:4)
  3 earth elementals
  3 water moccasin zombies (D:6)
  6 glowing shapeshifter simulacra (IceCv)
  4 wights
  15 killer bees
  7 electric eels
  6 howler monkeys
  A centaur zombie (D:6)
  2 quasits (Abyss:2)
  A centaur skeleton (D:6)
  10 jellies
  14 orc priests
  2 gnoll boudas
  8 hounds
  An iron imp (Abyss:2)
  A sleepcap (D:6)
  12 starcursed masses (Abyss:2)
  Jessica (D:3)
  9 iguanas
  Ijyb (D:3)
  40 orc wizards
  Natasha (D:3)
  7 hell rats
  A shapeshifter simulacrum (IceCv)
  A killer bee zombie (D:6)
  A bullfrog simulacrum (Lair:2)
  Robin (D:2)
  2 howler monkey zombies (D:6)
  30 gnolls
  14 adders
  A shadow imp (D:5)
  2 white imps
  4 ufetubi
  2 worms (D:3)
  4 dart slugs
  70 orcs
  7 ball pythons
  6 bats
  6 endoplasms
  4 giant cockroaches
  13 goblins
  7 hobgoblins
  9 jackals
  24 kobolds
  12 quokkas
  3 frilled lizards
  3 rats
  A fire vortex (Depths:3)
  A lurking horror (Abyss:2)
  A spectral weapon (Zot:5)
  2 starspawn tentacles (Abyss:2)
2521 creatures vanquished.

Vanquished Creatures (collateral kills)
  An iron giant (Depths:3)
  An acid blob (Slime:5)
  A deep elf master archer (Elf:3)
  2 azure jellies (Slime:5)
  A rockslime (Slime:5)
  An occultist (Depths:3)
  A deep elf sorcerer (Elf:3)
  A quicksilver ooze (Slime:5)
  A slime creature (Slime:5)
  2 gnolls (D:4)
12 creatures vanquished.

Vanquished Creatures (others)
  A dread lich (Vaults:5)
  A sphinx (Vaults:5)
  A shadow dragon (Zot:2)
  A storm dragon (Zot:2)
  A nagaraja (Zig:11)
  2 fire giants
  A balrug (Zot:2)
  An emperor scorpion (Zig:7)
  A draconian annihilator (Zot:1)
  A black draconian (Zot:5)
  A jorogumo (Zig:7)
  A soul eater (Depths:1)
  A deep elf knight (Elf:3)
  An obsidian statue (Zig:5)
  A necromancer (Depths:1)
  2 deep elf zephyrmancers (Elf:1)
  A manticore (Shoals:4)
  3 saltlings (Desolation)
  A water elemental (D:13)
  A ynoxinul (Zot:2)
  A fire elemental (D:13)
  2 electric eels (D:13)
  An orc wizard (D:6)
  A kobold (D:11)
  A fire vortex (Depths:3)
  12 starspawn tentacles (Abyss:2)
  4 tentacles (Shoals:4)
46 creatures vanquished.

Grand Total: 2579 creatures vanquished

Notes
Turn   | Place    | Note
-------+----------+-------------------------------------------
     0 | D:1      | jt the Naga Conjurer began the quest for the Orb.
     0 | D:1      | Reached XP level 1. HP: 15/15 MP: 3/3
   170 | D:1      | Reached XP level 2. HP: 22/22 MP: 1/5
   633 | D:1      | Found a faded altar of an unknown god.
   638 | D:1      | Prayed at the altar of an unknown god.
   638 | D:1      | Became a worshipper of the Wu Jian Council
   638 | D:1      | Reached * piety under Wu Jian
   675 | D:1      | Reached XP level 3. HP: 25/28 MP: 6/6
  1893 | D:2      | Noticed Robin
  1898 | D:2      | Reached XP level 4. HP: 31/37 MP: 6/8
  1908 | D:2      | Killed Robin
  1909 | D:2      | Reached skill level 1 in Fighting
  2319 | D:2      | Reached skill level 2 in Fighting
  2445 | D:3      | Reached ** piety under Wu Jian
  2567 | D:3      | Reached XP level 5. HP: 41/46 MP: 9/9
  2606 | D:3      | Reached skill level 3 in Fighting
  2740 | D:3      | Identified the +7 whip of True Grit {heavy, rF+}
  2901 | D:3      | Noticed Ijyb
  2909 | D:3      | Killed Ijyb
  2934 | D:3      | Noticed Natasha
  2938 | D:3      | Killed Natasha
  2939 | D:3      | Reached skill level 1 in Maces & Flails
  2945 | D:3      | Noticed Jessica
  2951 | D:3      | Killed Jessica
  2952 | D:3      | Reached XP level 6. HP: 48/56 MP: 8/10
  3041 | D:3      | Reached skill level 1 in Armour
  3061 | D:3      | You fall into a shaft and drop 1 floor!
  3342 | D:4      | Found a staircase to the Ecumenical Temple.
  3358 | Temple   | Entered the Ecumenical Temple
  3370 | D:4      | Noticed Sigmund
  3381 | D:4      | Killed Sigmund
  3448 | D:4      | Reached XP level 7. HP: 36/63 MP: 7/11
  3635 | D:4      | Reached skill level 4 in Fighting
  3834 | D:4      | Found Zuemot's Elemental Accessories.
  3918 | D:4      | Found a glowing golden altar of the Shining One.
  3932 | D:4      | Found an ornate altar of the Wu Jian Council.
  3942 | D:4      | Reached *** piety under Wu Jian
  3943 | D:4      | Reached skill level 1 in Evocations
  4365 | D:4      | Found Edus's Assorted Antiques.
  4371 | D:4      | Bought a glowing copper wand for 112 gold pieces
  4371 | D:4      | Bought a scroll labelled TICVUU QUQATIA for 28 gold pieces
  4371 | D:4      | Bought a heavily runed turquoise ring for 140 gold pieces
  4371 | D:4      | Identified the ring of Amorality {rF+ rN+ Will- Int+4 SInv}
                  | (You bought it in a shop on level 4 of the Dungeon)
  4371 | D:4      | Bought a sedimented puce potion for 25 gold pieces
  4430 | D:5      | Entered Level 5 of the Dungeon
  4520 | D:5      | Found a glowing drain.
  4534 | Sewer    | Entered a sewer
  4636 | Sewer    | Noticed Pargi
  4642 | Sewer    | Killed Pargi
  4643 | Sewer    | Reached XP level 8. HP: 55/73 MP: 12/12
  4788 | D:5      | Found a radiant altar of Vehumet.
  4903 | D:5      | Noticed Eustachio
  4916 | D:5      | Killed Eustachio
  5025 | D:5      | Reached skill level 5 in Fighting
  5055 | D:5      | Found a stormy altar of Qazlal.
  5706 | D:6      | Reached XP level 9. HP: 82/82 MP: 13/13
  5726 | D:6      | Reached skill level 6 in Fighting
  5746 | D:6      | Reached **** piety under Wu Jian
  5898 | D:6      | Found a white marble altar of Elyvilon.
  6013 | D:6      | Reached skill level 5 in Dodging
  6033 | D:6      | Reached skill level 5 in Maces & Flails
  6124 | D:6      | Reached skill level 5 in Armour
  6159 | D:6      | Noticed Maggie
  6225 | D:6      | Killed Maggie
  6226 | D:6      | Reached skill level 7 in Fighting
  6367 | D:7      | Reached XP level 10. HP: 62/94 MP: 14/14
  6635 | D:7      | Identified the +5 hand axe "Weptur" {flame, rC- Str+6
                  | Dex+5}
  6844 | D:7      | Reached ***** piety under Wu Jian
  6907 | D:7      | Found a snail-covered altar of Cheibriados.
  7274 | D:8      | Gained mutation: Your spells are a little easier to cast,
                  | but a little less powerful. [potion of mutation]
  7274 | D:8      | Lost mutation: Your spells are a little easier to cast, but
                  | a little less powerful. [potion of mutation]
  7274 | D:8      | Gained mutation: You are frail. (-10% HP) [potion of
                  | mutation]
  7276 | D:8      | Noticed Erica
  7472 | D:7      | Killed Erica
  7577 | D:8      | Noticed Grum
  7668 | D:8      | Killed Grum
  7814 | D:8      | Noticed Maurice
  8006 | D:8      | Identified the +0 leather armour of the Forgotten Realms
                  | {rElec}
  8011 | D:8      | Found a shimmering blue altar of Sif Muna.
  8376 | D:8      | Noticed a two-headed ogre
  8384 | D:8      | Killed a two-headed ogre
  8397 | D:8      | Noticed Prince Ribbit
  8455 | D:8      | Killed Prince Ribbit
  8456 | D:8      | Reached XP level 11. HP: 88/90 MP: 11/15
  8479 | D:8      | Noticed a tengu warrior
  8491 | D:8      | Killed a tengu warrior
  8492 | D:8      | Reached skill level 10 in Maces & Flails
  9256 | D:9      | Noticed a two-headed ogre
  9267 | D:9      | Killed a two-headed ogre
  9295 | D:9      | Found a staircase to the Lair.
  9364 | D:9      | Found a burning altar of Makhleb.
  9406 | D:9      | Found a blossoming altar of Fedhas.
  9407 | D:9      | Found a bloodstained altar of Trog.
  9408 | D:9      | Found an opulent altar of Gozag.
  9811 | D:9      | Found a broken altar of Ashenzari.
  9818 | D:9      | Found a sparkling altar of Nemelex Xobeh.
 10009 | Lair:1   | Entered Level 1 of the Lair of Beasts
 10150 | Lair:1   | Reached XP level 12. HP: 46/98 MP: 16/16
 10164 | Lair:1   | Reached skill level 5 in Evocations
 11004 | Lair:2   | Noticed a five-headed hydra
 11048 | Lair:2   | Noticed Sonja
 11050 | Lair:2   | Killed Sonja
 11133 | Lair:2   | Killed a five-headed hydra
 11326 | Lair:2   | Found a staircase to the Snake Pit.
 11326 | Lair:2   | Noticed a boulder beetle
 11337 | Lair:2   | Killed a boulder beetle
 11359 | Lair:2   | Reached skill level 15 in Maces & Flails
 11446 | D:10     | Entered Level 10 of the Dungeon
 11543 | D:10     | Found a hazy altar of Hepliaklqana.
 11579 | D:10     | Identified the +1 helmet "Yrriofer" {Drain rC- Regen+
                  | Dex+6}
 12259 | D:11     | Found a staircase to the Orcish Mines.
 12269 | D:11     | Found Feduegh's Weapon Emporium.
 12326 | D:11     | Noticed a two-headed ogre
 12338 | D:11     | Killed a two-headed ogre
 12500 | D:11     | Found a frozen archway.
 12531 | IceCv    | Entered an ice cave
 12546 | IceCv    | Gained mutation: You can use your snake-like lower body to
                  | constrict enemies. [Naga growth]
 12546 | IceCv    | Reached XP level 13. HP: 53/103 MP: 17/17
 12800 | IceCv    | Noticed a quicksilver ooze
 12805 | IceCv    | Killed a quicksilver ooze
 13046 | IceCv    | Reached skill level 8 in Fighting
 13302 | IceCv    | Noticed a quicksilver ooze
 13304 | IceCv    | Noticed a quicksilver ooze
 13309 | IceCv    | Killed a quicksilver ooze
 13314 | IceCv    | Killed a quicksilver ooze
 13345 | IceCv    | Noticed an azure jelly
 13348 | IceCv    | Found a viscous altar of Jiyva.
 13353 | IceCv    | Killed an azure jelly
 13371 | IceCv    | Got the ring of Ohiwuj {Ice rN+ Str+2 Dex+3}
 13789 | D:11     | Reached skill level 1 in Shields
 14286 | D:11     | Found a runed translucent door.
 14288 | D:11     | Found a runed translucent door.
 14288 | D:11     | Found a runed translucent door.
 14595 | D:11     | Reached XP level 14. HP: 84/114 MP: 18/18
 15057 | D:12     | Found Vynow's Armour Shop.
 15919 | D:13     | Found a gate leading to a gauntlet.
 15943 | Gauntlet | Entered a Gauntlet
 15943 | Gauntlet | Found a transporter.
 15951 | Gauntlet | Found a transporter.
 15953 | Gauntlet | Found a transporter.
 15955 | Gauntlet | Found a transporter.
 15972 | Gauntlet | Found a transporter.
 15985 | Gauntlet | Found a transporter.
 15990 | Gauntlet | Found a transporter.
 16005 | Gauntlet | Found a transporter.
 16024 | Gauntlet | Found a transporter.
 16055 | Gauntlet | Found a transporter.
 16085 | Gauntlet | Found a transporter.
 16092 | Gauntlet | Found a transporter.
 16115 | Gauntlet | Found a transporter.
 16120 | Gauntlet | Found a transporter.
 16122 | Gauntlet | Found a transporter.
 16143 | Gauntlet | Found a transporter.
 16148 | Gauntlet | Found a transporter.
 16200 | Gauntlet | Found a transporter.
 16420 | Gauntlet | Identified the ring of Vuoxatis {Fire Dex+7}
 16427 | Gauntlet | Identified the +0 cloak of the Writhing Gods {Dex+2}
 16523 | D:13     | Noticed Azrael
 16543 | D:13     | Killed Azrael
 16659 | D:13     | Noticed Urug
 16671 | D:13     | Killed Urug
 16709 | D:13     | Identified the +0 shortbow of Karma {heavy, Will++ Int+3
                  | Dex+4 Stlth+}
 17612 | Lair:2   | Found a transporter.
 17680 | Lair:2   | Found a transporter.
 17686 | Lair:2   | Found a staircase to the Shoals.
 17713 | Lair:2   | Reached skill level 10 in Shields
 18379 | Lair:3   | Reached XP level 15. HP: 120/120 MP: 19/19
 18853 | Lair:3   | Noticed Nessos
 18869 | Lair:3   | Killed Nessos
 19144 | Lair:4   | Reached ****** piety under Wu Jian
 19250 | Lair:4   | Identified the +9 falchion of the Jumping Oracle {venom,
                  | Dex+4}
 19606 | Lair:5   | Entered Level 5 of the Lair of Beasts
 19708 | Lair:5   | Found a staircase to the Slime Pits.
 19713 | Lair:5   | Found a viscous altar of Jiyva.
 19839 | Lair:5   | Reached skill level 10 in Armour
 20261 | Lair:5   | Found a runed translucent door.
 21079 | Orc:1    | Entered Level 1 of the Orcish Mines
 21115 | Orc:1    | Noticed Josephine
 21126 | Orc:1    | Killed Josephine
 21252 | Orc:1    | Found a transporter.
 21675 | Orc:2    | Entered Level 2 of the Orcish Mines
 21903 | Orc:2    | Found a staircase to the Elven Halls.
 22098 | Orc:2    | Found Yhifruiz's Magic Scroll Boutique.
 22101 | Orc:2    | Reached XP level 16. HP: 127/127 MP: 20/20
 22147 | Orc:2    | Found an ancient bone altar of Kikubaaqudgha.
 22148 | Orc:2    | Noticed Nergalle
 22158 | Orc:2    | Killed Nergalle
 22186 | Orc:2    | Noticed Erolcha
 22188 | Orc:2    | Found a radiant altar of Vehumet.
 22194 | Orc:2    | Killed Erolcha
 22240 | Orc:2    | Found Xusigig's Magic Scroll Shop.
 22240 | Orc:2    | Found Ezipaera's Antique Weapon Boutique.
 22267 | Orc:2    | Found Serrocak's Book Boutique.
 22808 | Orc:1    | Found a transporter.
 22808 | Orc:1    | Found a runed translucent door.
 22808 | Orc:1    | Found a bloodstained altar of Trog.
 22808 | Orc:1    | Found the necklace of Bloodlust {Fury *Rage Will++ Int-3
                  | Slay+6}
 23072 | Orc:1    | Identified the +1 plate armour of Inocupna {rElec}
 23340 | Snake:1  | Entered Level 1 of the Snake Pit
 23429 | Snake:1  | Found a flickering gateway to a bazaar.
 23441 | Bazaar   | Entered a bazaar
 23483 | Bazaar   | Found Lawirph's Armour Boutique.
 23487 | Bazaar   | Found Yniqoxi's General Store.
 23487 | Bazaar   | Found Gomoiz's Book Boutique.
 23488 | Bazaar   | Found Podoot's Weapon Boutique.
 23513 | Bazaar   | Bought a scroll of revelation for 112 gold pieces
 23513 | Bazaar   | Bought a scarf of resistance for 480 gold pieces
 23525 | Bazaar   | Bought a potion of might for 60 gold pieces
 23525 | Bazaar   | Bought a potion of curing for 45 gold pieces
 24224 | Snake:2  | Noticed a nagaraja
 24262 | Snake:2  | Killed a nagaraja
 24731 | Snake:2  | Reached XP level 17. HP: 133/133 MP: 21/21
 24804 | Snake:2  | Found Zaidyops's Antique Armour Emporium.
 24856 | Snake:2  | Found Deaxul's General Store.
 24857 | Snake:2  | Found Sudicur's Armour Emporium.
 24914 | Snake:2  | Found Josifatz's Weapon Shop.
 24917 | Snake:2  | Found Hidyv's Jewellery Boutique.
 24917 | Snake:2  | Found Podek's Distillery.
 24936 | Snake:2  | Bought a potion of haste for 170 gold pieces
 24936 | Snake:2  | Bought a potion of haste for 170 gold pieces
 25341 | Snake:3  | Noticed Mlioglotl
 25360 | Snake:3  | Killed Mlioglotl
 25361 | Snake:3  | Reached skill level 15 in Shields
 25376 | Snake:3  | Identified the +6 war axe "Tucvott" {speed, rC+ Int+3
                  | Stlth+}
 25473 | Snake:3  | Identified the +1 hand axe "Vuhafut" {heavy, rF+ rN+ Dex-3}
 25474 | Snake:3  | Noticed Jorgrun
 25488 | Snake:3  | Killed Jorgrun
 26029 | Snake:4  | Entered Level 4 of the Snake Pit
 26104 | Snake:4  | Identified the +0 plate armour of the Amoeba {rC++}
 26662 | Snake:4  | Reached XP level 18. HP: 141/141 MP: 22/22
 26674 | Snake:4  | Identified the serpent talisman of Discretion {*Corrode rC+
                  | Str+5}
 26674 | Snake:4  | Noticed Aizul
 26691 | Snake:4  | Killed Aizul
 27167 | Snake:4  | Reached skill level 15 in Armour
 27795 | Snake:4  | Reached skill level 9 in Fighting
 27867 | Snake:4  | Got a serpentine rune of Zot
 28355 | D:14     | Found Esoqi's Distillery.
 29042 | D:14     | Found a gate to the Vaults.
 29050 | D:14     | Identified the +8 sling of Ru's Supremacy {drain, rPois
                  | Str+8 Int-3}
 29144 | D:15     | Entered Level 15 of the Dungeon
 29352 | D:15     | Reached skill level 10 in Fighting
 29586 | D:15     | Found a staircase to the Depths.
 30004 | D:15     | Identified the +1 robe "Gebaf" {rPois Int+4}
 30383 | Shoals:1 | Entered Level 1 of the Shoals
 30392 | Shoals:1 | Reached XP level 19. HP: 143/151 MP: 23/23
 30652 | Shoals:1 | Found a sacrificial altar of Ru.
 30827 | Shoals:1 | Identified the +8 shortbow of Hacking and Slashing {freeze,
                  | rElec rF+++ Will- Int-4}
 31591 | Shoals:2 | Noticed Polyphemus
 31636 | Shoals:2 | Killed Polyphemus
 31637 | Shoals:2 | Reached skill level 11 in Fighting
 32034 | Shoals:3 | Found Lyri's Antique Weapon Shoppe.
 32408 | Shoals:4 | Identified the "Defruisiepp"
 32408 | Shoals:4 | Entered Level 4 of the Shoals
 32593 | Shoals:4 | Got a barnacled rune of Zot
 32644 | Shoals:4 | Identified the +0 robe "Sualixtyri" {rPois Will+++ MP-9
                  | Stlth+}
 32988 | Shoals:4 | Reached skill level 12 in Fighting
 33496 | Desolati | Identified the of Uttumig
 33496 | Desolati | Identified the "Qeabiecam"
 33496 | Desolati | Identified the of Syss
 33496 | Desolati | Identified the "Luedol"
 33496 | Desolati | Identified the of Wab Unk
 33496 | Vaults:1 | Entered Level 1 of the Vaults
 33515 | Vaults:1 | Reached skill level 5 in Stealth
 33525 | Vaults:1 | Reached skill level 10 in Stealth
 33529 | Vaults:1 | Reached XP level 20. HP: 144/164 MP: 24/24
 33584 | Vaults:1 | Found a crumbling gateway.
 33592 | Desolati | Entered the Desolation of Salt
 33876 | Desolati | Identified the +0 ring mail of Dut Koxt {rPois Str+4}
 34023 | Desolati | Identified the +6 long sword of Bloody Death {spect, rPois
                  | rF+ Will+ Str+2}
 34126 | Desolati | Reached skill level 15 in Stealth
 34408 | Vaults:1 | Reached skill level 13 in Fighting
 34538 | Vaults:1 | Identified the +1 war axe "Doettuud" {heavy, +Blink rN+
                  | Will+}
 35211 | Vaults:1 | Paralysed by a formless jellyfish for 1 turns
 35422 | Vaults:2 | Found a staircase to the Crypt.
 35694 | Vaults:2 | Reached XP level 21. HP: 173/175 MP: 25/25
 36025 | Vaults:2 | Reached skill level 14 in Fighting
 36587 | Vaults:3 | Found a large runed translucent door.
 36587 | Vaults:3 | Found a large runed translucent door.
 36587 | Vaults:3 | Found a large runed translucent door.
 36587 | Vaults:3 | Found a large runed translucent door.
 36587 | Vaults:3 | Noticed Konoat's ghost (adept MiFi)
 36588 | Vaults:3 | Found a large runed translucent door.
 36588 | Vaults:3 | Found a large runed translucent door.
 36588 | Vaults:3 | Found a large runed translucent door.
 36588 | Vaults:3 | Found a large runed translucent door.
 36658 | Vaults:3 | Noticed Zenata
 36699 | Vaults:3 | Reached skill level 10 in Evocations
 36713 | Vaults:3 | Killed Zenata
 37056 | Vaults:3 | Reached skill level 15 in Fighting
 37823 | Vaults:3 | Killed Konoat's ghost
 37828 | Vaults:3 | Identified the +1 hat of Faisiwir {Str+4}
 38138 | Vaults:4 | Paralysed by a formless jellyfish for 1 turns
 38142 | Vaults:4 | Reached skill level 16 in Fighting
 38828 | Depths:3 | Identified the of Heleq
 38828 | Depths:3 | Identified the "Ovac Leraeb"
 38828 | Depths:3 | Identified the of Milyoraq
 38828 | Depths:3 | Identified the of Xinec
 38828 | Depths:4 | Identified the of Lionuif
 38828 | Elf:3    | Identified the "Juuv"
 38828 | Elf:3    | Identified the "Osuel"
 38828 | Elf:3    | Identified the "Jonea"
 38828 | Elf:3    | Identified the "Ryerofid"
 38828 | Elf:3    | Identified the "Jaitul"
 38828 | Elf:3    | Identified the "Gokhlisk"
 38828 | Elf:3    | Identified the of Waelam
 38828 | Elf:3    | Identified the "Fiamij"
 38828 | Slime:1  | Entered Level 1 of the Pits of Slime
 38900 | Slime:2  | Reached skill level 17 in Fighting
 39053 | Slime:3  | Reached XP level 22. HP: 163/196 MP: 26/26
 39207 | Slime:4  | Paralysed by a formless jellyfish for 1 turns
 39275 | Slime:5  | Identified the "Qabbasm"
 39275 | Slime:5  | Entered Level 5 of the Pits of Slime
 39589 | Orc:2    | Bought a scroll of immolation for 40 gold pieces
 39619 | Orc:2    | Bought a scroll of immolation for 52 gold pieces
 39619 | Orc:2    | Bought a scroll of immolation for 52 gold pieces
 39815 | D:14     | Bought 2 potions of enlightenment for 150 gold pieces
 39815 | D:14     | Bought a potion of curing for 45 gold pieces
 39815 | D:14     | Bought a potion of heal wounds for 75 gold pieces
 39815 | D:14     | Bought 2 potions of mutation for 240 gold pieces
 40015 | D:8      | Killed Maurice
 40085 | D:4      | Bought a tin of tremorstones (2/2) for 440 gold pieces
 40529 | Slime:5  | Found a viscous altar of Jiyva.
 40566 | Slime:5  | Reached skill level 18 in Fighting
 40616 | Slime:5  | Noticed the Royal Jelly
 40636 | Slime:5  | HP: 7/199 [azure jelly[the Royal Jelly] (4)]
 40719 | Slime:5  | Killed the Royal Jelly
 40720 | Slime:5  | Reached skill level 19 in Fighting
 40731 | Slime:5  | Identified the amulet "Edysim" {Faith Contam rC+ rN++ SInv}
 40734 | Slime:5  | Identified the staff of Destiny {rF+ Will+ rCorr Dex-5
                  | Conj}
 40738 | Slime:5  | Identified the +4 scimitar "Gelout" {freeze, *Slow rF+++
                  | Will++ rCorr}
 40781 | Slime:5  | Identified the +10 dagger "Zoimm" {venom, rElec rC+ rN+
                  | rCorr}
 40851 | Slime:5  | Identified the staff "Osheugy" {Will+ Str+4 Dex+2 Conj}
 40855 | Slime:5  | Got a slimy rune of Zot
 40868 | Slime:5  | Identified the +2 mace "Zor Gys" {flame, rCorr MP+9}
 40909 | Slime:5  | Identified the +7 scimitar of Benevolence {flame, rF+
                  | Str+4}
 41358 | Depths:1 | Entered Level 1 of the Depths
 41372 | Depths:1 | Found a one-way gateway to a ziggurat.
 41733 | Depths:1 | Found a gateway to Hell.
 41734 | Depths:1 | Identified the +9 demon blade of Disgust {pain, Drain Dex+6
                  | SInv Stlth+}
 41743 | Depths:1 | Reached skill level 20 in Fighting
 41816 | Depths:2 | Found a one-way gate to the infinite horrors of the Abyss.
 41816 | Depths:2 | Noticed Norris
 41850 | Depths:2 | Killed Norris
 41948 | Depths:2 | Found a one-way gate leading to the halls of Pandemonium.
 42264 | Depths:1 | Found a shimmering blue altar of Sif Muna.
 42607 | Depths:3 | Reached XP level 23. HP: 150/209 MP: 27/27
 42691 | Depths:3 | Found a runed translucent door.
 42773 | Depths:3 | Noticed Louise
 42806 | Depths:3 | Killed Louise
 43342 | Depths:4 | Entered Level 4 of the Depths
 43817 | Depths:3 | Identified the ring "Poduon" {Ice rN+}
 43845 | Depths:3 | Reached skill level 21 in Fighting
 43857 | Depths:3 | Found a runed translucent door.
 43857 | Depths:3 | Noticed a shard shrike
 43857 | Depths:3 | Noticed a shard shrike
 43857 | Depths:3 | Noticed a shard shrike
 43859 | Depths:3 | Killed a shard shrike
 43862 | Depths:3 | Killed a shard shrike
 43865 | Depths:3 | Killed a shard shrike
 44253 | Depths:4 | Noticed a caustic shrike
 44254 | Depths:4 | Noticed a caustic shrike
 44256 | Depths:4 | Noticed a caustic shrike
 44262 | Depths:4 | Noticed a caustic shrike
 44264 | Depths:4 | Noticed a caustic shrike
 44266 | Depths:4 | Killed a caustic shrike
 44266 | Depths:4 | Killed a caustic shrike
 44272 | Depths:4 | Reached skill level 5 in Throwing
 44283 | Depths:4 | Killed a caustic shrike
 44289 | Depths:4 | Killed a caustic shrike
 44291 | Depths:4 | Killed a caustic shrike
 44292 | Depths:4 | Reached skill level 10 in Dodging
 44355 | Depths:4 | Noticed a golden dragon
 44364 | Depths:4 | Noticed a golden dragon
 44368 | Depths:4 | Killed a golden dragon
 44379 | Depths:4 | Killed a golden dragon
 44411 | Depths:4 | Found a gate to the Realm of Zot.
 44415 | Zot:1    | Entered Level 1 of the Realm of Zot
 44432 | Zot:1    | Reached XP level 24. HP: 211/224 MP: 27/27
 44447 | Zot:1    | Noticed Vv
 44464 | Zot:1    | Killed Vv
 44770 | Depths:4 | Found a stormy altar of Qazlal.
 44772 | Depths:4 | Found a glowing golden altar of the Shining One.
 44772 | Depths:4 | Found a shimmering altar of Xom.
 44774 | Depths:4 | Found a radiant altar of Vehumet.
 44774 | Depths:4 | Found a shimmering blue altar of Sif Muna.
 44774 | Depths:4 | Found a burning altar of Makhleb.
 45429 | Elf:1    | Entered Level 1 of the Elven Halls
 45449 | Elf:1    | Found a radiant altar of Vehumet.
 45780 | Elf:1    | Paralysed by an air elemental for 1 turns
 45865 | Elf:1    | Identified the +9 plate armour "Nuunaiz" {+Blink rElec}
 46466 | Elf:1    | Learned a level 1 spell: Apportation
 46471 | Elf:1    | Learned a level 4 spell: Iskenderun's Mystic Blast
 46476 | Elf:1    | Learned a level 4 spell: Vhi's Electric Charge
 46538 | Elf:2    | Found Uxuobbom's Jewellery Emporium.
 46626 | Elf:2    | Found Odizataf's Antique Weapon Shoppe.
 46655 | Elf:2    | Reached skill level 22 in Fighting
 46740 | Elf:2    | Found Sirecok's Magic Scroll Shoppe.
 46748 | Elf:2    | Bought a scroll of revelation for 97 gold pieces
 46748 | Elf:2    | Bought 2 scrolls of revelation for 195 gold pieces
 46957 | Elf:2    | Found a runed translucent gate.
 46957 | Elf:2    | Found a runed translucent gate.
 46961 | Elf:2    | Found a runed translucent gate.
 47039 | Elf:3    | Entered Level 3 of the Elven Halls
 47179 | Elf:3    | Found Jucunn's Weapon Shop.
 47184 | Elf:3    | Bought 2 curare-tipped darts for 43 gold pieces
 47184 | Elf:3    | Bought 2 curare-tipped darts for 43 gold pieces
 47220 | Elf:3    | Identified the +6 mace of Xesocebu {protect, rC+ Str+4
                  | Int+3}
 47767 | Elf:3    | Identified the ring of Viruil {Wiz Will+}
 47843 | Elf:3    | Identified the +2 spear of Huthoxu {antimagic, Int+7 Dex-2}
 47856 | Elf:3    | Identified the +8 halberd of the Protecting Gods {heavy,
                  | Str+2 Int+2}
 48212 | Elf:3    | Noticed Donald
 48219 | Elf:3    | Killed Donald
 48423 | Elf:3    | Identified the +2 plate armour "Zym Zeesch" {rF- Regen+
                  | Str+4}
 49818 | Vaults:4 | Reached skill level 1 in Translocations
 49818 | Vaults:4 | Reached XP level 25. HP: 214/235 MP: 27/27
 50024 | Vaults:4 | Reached skill level 5 in Translocations
 50529 | Vaults:5 | Entered Level 5 of the Vaults
 50546 | Vaults:5 | Noticed a dread lich
 50555 | Vaults:5 | Killed a dread lich
 50819 | Vaults:5 | Identified the ring of Duraasio {rN++ rCorr SInv}
 50840 | Vaults:5 | Paralysed by a sphinx for 5 turns
 50859 | Abyss:2  | Cast into level 2 of the Abyss (vault guard)
 50917 | Abyss:2  | Gained mutation: Potions are less effective at restoring
                  | your health. [a neqoxec]
 50918 | Abyss:2  | Gained mutation: You are clumsy. (Dex -2) [a neqoxec]
 51016 | Abyss:2  | Found a corrupted altar of Lugonu.
 51060 | Abyss:2  | Gained mutation: You are very frail. (-20% HP) [a neqoxec]
 51408 | Abyss:2  | Found a hazy altar of Hepliaklqana.
 51421 | Vaults:5 | Escaped the Abyss
 51519 | Vaults:5 | Got a silver rune of Zot
 51656 | Vaults:5 | Noticed an ancient lich
 51658 | Vaults:5 | Noticed a dread lich
 51667 | Vaults:5 | Reached XP level 26. HP: 174/216 MP: 27/27
 51669 | Vaults:5 | Paralysed by a sphinx for 2 turns
 51734 | Vaults:5 | Killed a dread lich
 51902 | Vaults:5 | Found Ymot's Magic Scroll Shop.
 51902 | Vaults:5 | Found Necucrac's General Store.
 51910 | Vaults:5 | Bought a scroll of blinking for 97 gold pieces
 51914 | Vaults:5 | Bought a scroll of blinking for 135 gold pieces
 51917 | Vaults:5 | Found Ukhliuno's Jewellery Emporium.
 51936 | Vaults:5 | Killed an ancient lich
 52451 | Vaults:5 | Found Bokh's Antique Armour Shoppe.
 52772 | Depths:1 | Lost mutation: Potions are less effective at restoring your
                  | health. [potion of mutation]
 52772 | Depths:1 | Lost mutation: You are very frail. (-20% HP) [potion of
                  | mutation]
 52772 | Depths:1 | Lost mutation: You are clumsy. (Dex -2) [potion of
                  | mutation]
 52772 | Depths:1 | Gained mutation: You are strong-willed. (Will+) [potion of
                  | mutation]
 52772 | Depths:1 | Gained mutation: You occasionally lose the ability to read
                  | scrolls when taking damage. [potion of mutation]
 52772 | Depths:1 | Lost mutation: You are strong-willed. (Will+) [potion of
                  | mutation]
 52772 | Depths:1 | Gained mutation: Your flesh is cold resistant. (rC+)
                  | [potion of mutation]
 52775 | Tar:7    | Identified the "Fuxubigg"
 52775 | Tar:7    | Identified the "Sumiv"
 52775 | Tar:7    | Identified the "Gegoeph"
 52775 | Tar:7    | Identified the of Vaf Suem
 52775 | Tar:7    | Identified the "Fukiucke"
 52775 | Dis:7    | Identified the of Onlodan
 52775 | Dis:7    | Identified the "Sibbysch"
 52775 | Geh:7    | Identified the "Fiuxat"
 52775 | Zig:1    | Entered Level 1 of a ziggurat
 52794 | Zig:2    | Entered Level 2 of a ziggurat
 52806 | Zig:2    | Identified the +0 troll leather armour of the Furies
                  | {Regen+ Str+2}
 52840 | Zig:3    | Entered Level 3 of a ziggurat
 52840 | Zig:3    | Noticed a royal mummy
 52840 | Zig:3    | Noticed a royal mummy
 52859 | Zig:3    | Killed a royal mummy
 52864 | Zig:3    | Killed a royal mummy
 52865 | Zig:3    | Reached skill level 1 in Air Magic
 53026 | Zig:4    | Entered Level 4 of a ziggurat
 53026 | Zig:4    | Identified a scroll of acquirement
 53053 | Zig:4    | Reached XP level 27. HP: 166/251 MP: 28/29
 53122 | Zig:5    | Entered Level 5 of a ziggurat
 53206 | Zig:6    | Entered Level 6 of a ziggurat
 53207 | Zig:6    | Found the +7 hand cannon "Mule" {flame, backblast, rF+}
 53262 | Zig:6    | Acquired the +12 eveningstar of Ithujuit {freeze, rCorr}
 53266 | Zig:7    | Identified the "Suhuamim"
 53266 | Zig:7    | Entered Level 7 of a ziggurat
 53316 | Zig:7    | Acquired the +1 barding of Ziusaw {rC+ Slay+2}
 53339 | Zig:7    | Identified the +4 sling of Pride {elec, rPois rCorr Str-5
                  | Int+3}
 53359 | Zig:8    | Entered Level 8 of a ziggurat
 53367 | Zig:8    | Found the +7 sceptre of Torment {pain, torment}
 53406 | Zig:8    | Identified the ring "Karu Cel" {rCorr Str+6 Int+2 SInv
                  | Stlth+}
 53413 | Zig:8    | Identified the +0 chain mail of Urijank {rF++ rN+ Dex-5}
 53420 | Zig:9    | Entered Level 9 of a ziggurat
 53431 | Zig:9    | Paralysed by a formless jellyfish for 1 turns
 53435 | Zig:9    | Reached skill level 5 in Spellcasting
 53455 | Zig:10   | Entered Level 10 of a ziggurat
 53459 | Zig:10   | Noticed Enuum the pandemonium lord
 53484 | Zig:10   | Killed Enuum the pandemonium lord
 53513 | Zig:10   | Identified the +0 ring mail "Axkogey" {Dex+5 SInv}
 53516 | Zig:11   | Entered Level 11 of a ziggurat
 53552 | Zig:11   | Reached skill level 5 in Air Magic
 53564 | Zig:11   | Identified the +8 dagger of Hoecweha {venom, Str+4}
 54681 | Zot:3    | Noticed an ancient lich
 54681 | Zot:3    | You fall into a shaft and drop 1 floor!
 54788 | Zot:4    | Identified the +6 scale mail "Vujygot" {Int+4 Slay+2}
 54794 | Zot:5    | Entered Level 5 of the Realm of Zot
 54825 | Zot:5    | Found a transporter.
 54825 | Zot:5    | Found a transporter.
 54868 | Zot:5    | Noticed a dread lich
 54874 | Zot:5    | Killed a dread lich
 54880 | Zot:5    | Reached skill level 10 in Translocations
 54889 | Zot:5    | Noticed an orb of fire
 54896 | Zot:5    | Killed an orb of fire
 54902 | Zot:5    | Noticed an orb of fire
 54907 | Zot:5    | Killed an orb of fire
 54911 | Zot:5    | Noticed an orb of fire
 54911 | Zot:5    | Noticed an ancient lich
 54916 | Zot:5    | Gained mutation: You are partially covered in iridescent
                  | scales. (AC +2) [an orb of fire]
 54917 | Zot:5    | Killed an orb of fire
 54918 | Zot:5    | Reached skill level 10 in Air Magic
 54927 | Zot:5    | Killed an ancient lich
 54928 | Zot:5    | Reached skill level 10 in Spellcasting
 54986 | Zot:5    | Noticed an ancient lich
 54986 | Zot:5    | Noticed an orb of fire
 54991 | Zot:5    | Noticed an orb of fire
 54991 | Zot:5    | Killed an orb of fire
 54993 | Zot:5    | Noticed an orb of fire
 54993 | Zot:5    | Noticed an orb of fire
 54993 | Zot:5    | Killed an ancient lich
 54997 | Zot:5    | Gained mutation: You are vulnerable to heat. (rF-) [an orb
                  | of fire]
 55001 | Zot:5    | Gained mutation: You are clumsy. (Dex -2) [an orb of fire]
 55015 | Zot:5    | Found a transporter.
 55022 | Zot:5    | Found a transporter.
 55092 | Zot:5    | Lost mutation: You are vulnerable to heat. (rF-) [potion of
                  | mutation]
 55092 | Zot:5    | Lost mutation: Your flesh is cold resistant. (rC+) [potion
                  | of mutation]
 55092 | Zot:5    | Lost mutation: You are clumsy. (Dex -2) [potion of
                  | mutation]
 55092 | Zot:5    | Lost mutation: You are frail. (-10% HP) [potion of
                  | mutation]
 55092 | Zot:5    | Gained mutation: Your muscles are strong. (Str +4, Int/Dex
                  | -1) [potion of mutation]
 55334 | Zot:5    | Got the Orb of Zot
 55343 | Zot:5    | Killed an orb of fire
 55346 | Zot:5    | Noticed a dread lich
 55346 | Zot:5    | Killed an orb of fire
 55354 | Zot:5    | Killed an orb of fire
 55361 | Zot:5    | Killed a dread lich
 55452 | Zot:2    | Noticed Jomiz the pandemonium lord
 55461 | Zot:2    | Noticed Cuoggad the pandemonium lord
 55867 | D:5      | Noticed Yprehanu the pandemonium lord
 55871 | D:5      | Killed Yprehanu the pandemonium lord
 55971 | D:$      | Escaped with the Orb!

Illustrated notes

Levels and vault maps discovered:
D:1:      lightli_arrival_statue_moat, layout_basic,
          chequers_ecumenical_altar_lobes
D:2:      layout_basic, nrook_loot_triangle, dk_noncrumbling_3,
          kennysheep_flooded_box, uniq_robin
D:3:      layout_loops_ring, kennysheep_generic_room_6, uniq_jessica,
          uniq_natasha, uniq_ijyb
D:4:      minmay_spotlight, layout_gridville, tso_metal_star,
          amcnicky_altar_gilded, minmay_temple_entry_offerings, serial_glass,
          glass_columns_a, glass_columns_c, item_on_display_a, serial_shops,
          nicolae_shop_stone, nicolae_elemental_shop, uniq_sigmund
D:5:      layout_basic, fiery_altar_vehumet, kennysheep_mini_moat,
          gup_sewer_entry_pipe, serial_bayou_pond_b, uniq_eustachio
D:6:      layout_basic, nicolae_elyvilon_temple_path, serial_undead,
          serial_undead_d, serial_undead_a, serial_undead_f, serial_undead_b,
          minmay_bent, uniq_maggie
D:7:      layout_basic, lemuel_crystal_altar
D:8:      layout_gridville, mainiacjoe_overflow_boulevard,
          minmay_diamond_spiral, uniq_maurice, uniq_prince_ribbit1, uniq_grum,
          uniq_erica
D:9:      layout_roguey, nicolae_overflow_hidden_temple, lightli_temple_of_fire,
          mainiacjoe_overflow_big_doors, erik_lair_island,
          minmay_misc_feat_more_columns
D:10:     layout_basic, lemuel_crystal_altar
D:11:     minmay_the_grid_triangle_9x9_recursive_2
          [minmay_the_grid_triangle_9x9_prize_schism,
          minmay_the_grid_triangle_9x9_longest,
          minmay_the_grid_triangle_9x9_fully_insulated_deathbox,
          minmay_the_grid_triangle_9x9_shrine], layout_stronghold, orc_david_3,
          portal_ice_cave_rime, minmay_misc_feat_rows
D:12:     layout_stronghold, serial_shops, shop
D:13:     layout_gridville, gauntlet_entry_generic, lemuel_freeze_loot_1,
          uniq_urug, uniq_azrael
D:14:     layout_irregular_city, david_vaults_5, serial_shops, shop,
          small_statue_intersection
D:15:     gammafunk_depths_entry_grave, layout_loops_corners
Temple:   hellmonk_temple_beads
Lair:1:   layout_hall_layers, infiniplex_staircase_pool, serial_bayou_shore_b,
          serial_bayou_shore_a, lemuel_fruit_fields
Lair:2:   gammafunk_cloud_chamber, layout_gridlike,
          minmay_shoals_entry_centaurs, minmay_snake_entry_six_corridors,
          chequers_serial_rivers_marsh, grunt_megastairs_1, uniq_sonja
Lair:3:   layout_gridlike, lemuel_fruit_tree, uniq_nessos
Lair:4:   layout_misc_corridors
Lair:5:   wormcave, layout_loops_ring, guppyfry_lair_end_dragon, slime_entry_1,
          hangedman_lair_generics_rect, infiniplex_staircase_pool_2
Shoals:1: layout_shoals, lemuel_altar_in_water
Shoals:2: layout_shoals, nicolae_shoals_lost_giant_amphitheater, abandoned_shop,
          nicolae_shoals_water_elemental_grotto, uniq_polyphemus
Shoals:3: layout_shoals, serial_shops, shop
Shoals:4: shoals_end_grunt_ice, layout_shoals
Snake:1:  layout_onion_interference, serial_shops, freezing_bzr,
          nicolae_zig_zag_zippers
Snake:2:  layout_grid_shapes, serial_shops, nicolae_shop_just_a_little_nook,
          serial_bayou_lagoon_a, nicolae_snake_serpentine_bazaar
Snake:3:  nicolae_snake_nest, layout_rooms, special_room,
          nicolae_snake_naga_rites, uniq_jorgrun, uniq_mlioglotl
Snake:4:  grunt_snake_rune_spirals, layout_onion, uniq_aizul
Slime:1:  layout_caves
Slime:2:  layout_caves
Slime:3:  layout_caves
Slime:4:  layout_caves, nicolae_slime_welcoming_committee
Slime:5:  slime_pit_nicolae_amoeboid
Orc:1:    emtedronai_trogs_sanctum, layout_diamond_mine, basic_altar,
          minmay_orc_keep, uniq_josephine
Orc:2:    kennysheep_orc_mage_school, layout_caves
Elf:1:    eino_elf_arrival_altar, layout_loops_corners, hangedman_elf_represent,
          minivault_25
Elf:2:    elven_hall_of_blades_hangedman_original [nicolae_blade_little_rooms],
          layout_gridlike, serial_shops, shop, shop, shop,
          nicolae_twisting_strands
Elf:3:    minmay_elf_hall_spiked, layout_loops_cross, serial_shops,
          nicolae_shop_bloodbath_and_beyond, minmay_misc_feat_cross, uniq_donald
Vaults:1: portal_desolation_entry_nicolae_forbidding_blocks, st_squares,
          nicolae_vaults_surprise_closet, nicolae_vaults_gold_heap,
          nicolae_vaults_trapezoid_lopsided_3, nicolae_vaults_tetromino_T_1,
          ontoclasm_vaults_ring_small, nicolae_vaults_turnstiles,
          layout_vaults_big_room
Vaults:2: minmay_crypt_entry_simple_statues, v_misc_2, ontoclasm_vaults_eye,
          nicolae_vaults_little_squares_3, nicolae_vaults_little_guard_posts,
          nicolae_vaults_shrinking_rooms_1, vaults_dpeg_encased_lava,
          layout_vaults_omnicross
Vaults:3: advil_vaults_ghost_lines, grunt_vaults_swirl,
          nicolae_vaults_double_plus_2, grunt_vaults_hallway_long,
          ontoclasm_vaults_ring_small, nicolae_vaults_trapezoid_3,
          layout_vaults_quadrants, uniq_zenata
Vaults:4: v_misc_18, v_pattern_5, v_alt_pattern_1, nicolae_vaults_prndl,
          v_alt_pattern_4, nicolae_vaults_yaktaur_gun_rack,
          dpeg_vaults_pockets_of_resistance, vaults_room_octagon,
          ontoclasm_vaults_gateway, nicolae_vaults_little_squares_4,
          layout_vaults_ring
Vaults:5
Depths:1: layout_cave_pools, enter_ziggurat_d, hellmouth_2,
          nicolae_sif_muna_condensation
Depths:2: hellmonk_destroyed_diamonds, layout_cave_pools,
          hangedman_coc_ice_floe, grunt_pan_entry_zigzag, abyss_entry,
          skrybe_limestone_x, nicolae_elevator_lobby_asterisk, uniq_norris
Depths:3: mu_elemental_laboratory, layout_cave_shapes,
          hangedman_decor_peaks_small, pf_vacation_house_of_asmodeus,
          nicolae_abyss_entry_one_way_or_another, uniq_josephina
Depths:4: grunt_twist_and_shout, layout_honeycomb, hell_entry,
          doesnt_xom_only_xom
Zot:1:    layout_gridlike, regret_index_zotdec_banners, uniq_vv
Zot:2:    layout_basic, regret_index_zotdec_fiery_em, hellmonk_zot_clocked
Zot:3:    hellmonk_crystal_mountain, layout_concentric_octagons
Zot:4:    layout_onion_interference
Zot:5:    layout_onion, hangedman_zot_decor_tridents, nicolae_diode_quadrants

Skill      XL: |  1  2  3  4  5  6  7  8  9 10 11 12 13 14 15 16 17 18 19 20 21 22 23 24 25 26 27 |
---------------+----------------------------------------------------------------------------------+-----
Spellcasting   | 3 4 12 | 12.2
Fighting       | 2 3 4 5 7 8 10 12 13 17 20 21 22 | 22.4
Maces & Flails | 1 2 4 5 9 12 15 16 18 19 | 19.0
Armour         | 1 2 4 5 6 8 11 12 14 15 16 17 18 | 18.7
Dodging        | 2 3 4 5 6 8 10 11 13 14 | 14.5
Evocations     | 1 2 4 5 8 10 11 | 11.9
Throwing       | 2 3 6 |  6.0
Shields        | 6 10 12 14 16 17 18 19 20 | 20.6
Stealth        | 10 15 | 15.0
Translocations | 1 5 13 | 13.1
Air Magic      | 2 12 | 12.7
Conjurations   | |  4.7

Action                     |  1- 3 |  4- 6 |  7- 9 | 10-12 | 13-15 | 16-18 | 19-21 | 22-24 | 25-27 || total
---------------------------+-------+-------+-------+-------+-------+-------+-------+-------+-------++-------
  Melee: Spear             |    25 |       |       |       |       |       |       |       |       ||    25
         Trident           |    10 |    21 |       |       |       |       |       |       |       ||    31
         Long sword        |       |    34 |       |       |       |       |       |       |       ||    34
         Whip              |       |    44 |   280 |   835 |   113 |       |       |       |       ||  1272
         Punch             |       |     1 |     3 |    14 |     6 |       |       |       |       ||    24
         Staff             |       |       |       |    12 |    41 |       |       |   459 |   105 ||   617
         Morningstar       |       |       |       |       |  1498 |  1698 |  2564 |  2321 |  2717 || 10798
         Constrict         |       |       |       |       |   278 |   333 |   518 |   406 |   609 ||  2144
         Eveningstar       |       |       |       |       |       |       |       |       |   434 ||   434
   Fire: Sling             |     5 |       |       |       |       |       |       |       |       ||     5
  Throw: Dart              |       |       |       |     8 |     3 |     2 |       |     4 |       ||    17
         Boomerang         |       |       |       |       |     3 |       |       |       |       ||     3
         Javelin           |       |       |       |       |     1 |       |       |       |       ||     1
   Cast: Magic Dart        |    35 |    20 |    44 |    36 |    12 |     2 |       |       |       ||   149
         Vhi's Electric Ch |       |       |       |       |       |       |       |       |     7 ||     7
 Invoke: Serpent's Lash    |       |       |       |    10 |    12 |    12 |     5 |    19 |    28 ||    86
         Heavenly Storm    |       |       |       |       |     1 |       |     2 |     3 |     6 ||    12
Ability: Spit Poison       |    19 |    24 |    34 |    56 |    29 |    27 |    26 |     8 |     6 ||   229
         Lunge             |     1 |     8 |    24 |    49 |    92 |    98 |   119 |   102 |   152 ||   645
         Whirlwind         |       |     1 |    27 |   222 |   361 |   208 |   767 |   946 |  1303 ||  3835
         Wall Jump         |       |       |     1 |     6 |    12 |     5 |     1 |     3 |     4 ||    32
         Evoke Blink       |       |       |       |       |       |       |       |       |    14 ||    14
  Evoke: Wand              |       |       |     2 |    14 |     7 |     6 |     9 |    14 |    11 ||    63
         Phantom mirror    |       |       |       |       |       |     1 |     1 |     4 |       ||     6
         Lightning rod     |       |       |       |       |       |     4 |     8 |     3 |     2 ||    17
         Tin of tremorston |       |       |       |       |       |       |       |     5 |     4 ||     9
         Box of beasts     |       |       |       |       |       |       |       |     3 |       ||     3
         Phial of floods   |       |       |       |       |       |       |       |     1 |       ||     1
    Use: Scroll            |     1 |       |    15 |     8 |     7 |     9 |    11 |    18 |    20 ||    89
         Potion            |       |       |     1 |     6 |     4 |     4 |     7 |    23 |    24 ||    69
   Stab: Sleeping          |     1 |     2 |     6 |       |       |       |    12 |    12 |     1 ||    34
         Distracted        |       |     1 |     2 |     2 |     1 |     1 |     2 |     7 |       ||    16
         Invisible         |       |       |     1 |       |       |       |       |       |     4 ||     5
         Paralysed         |       |       |       |     7 |       |       |       |       |       ||     7
         Petrified         |       |       |       |       |       |       |    24 |       |       ||    24
         Petrifying        |       |       |       |       |       |       |     2 |       |       ||     2
         Confused          |       |       |       |       |       |       |       |       |     2 ||     2
 Armour: Robe              |    41 |    10 |       |       |   192 |       |       |       |       ||   243
         Leather armour    |       |    53 |    78 |       |       |       |       |       |       ||   131
         Troll leather arm |       |       |   145 |   437 |    20 |       |       |       |       ||   602
         Pearl dragon scal |       |       |       |       |   829 |  1095 |  1413 |  1454 |       ||  4791
         Plate armour      |       |       |       |       |       |       |       |    42 |  1918 ||  1960
  Dodge: Dodged            |    26 |    56 |   247 |   565 |   483 |   299 |   700 |   705 |  1133 ||  4214
  Block: Kite shield       |       |       |       |       |   595 |   943 |  1603 |  1675 |  1842 ||  6658
         Reflection        |       |       |       |       |       |       |    25 |    42 |    26 ||    93

Table legend: (Time is in decaauts)
 A = Elapsed time spent in this place.
 B = Non-inter-level travel time spent in this place.
 C = Inter-level travel time spent in this place.
 D = Time resting spent in this place.
 E = Time spent auto-exploring this place.
 F = Levels seen in this place.
 G = Mean time per level.
                   A        B        C        D        E       F      G
               +--------+--------+--------+--------+--------+-----+--------+
         Total |  71194 |  61326 |   9868 |   6495 |  29223 |  70 | 1017.1 |
       Dungeon |  24316 |  19758 |   4558 |   2571 |  11596 |  15 | 1621.1 |
        Temple |      1 |      1 |      0 |      0 |      0 |   1 |    1.0 |
          Lair |   7453 |   5939 |   1514 |    321 |   3726 |   5 | 1490.6 |
        Shoals |   3640 |   3414 |    226 |    125 |   1809 |   4 |  910.0 |
     Snake Pit |   5573 |   5175 |    398 |    607 |   2084 |   4 | 1393.2 |
    Slime Pits |   1442 |   1166 |    276 |    248 |      0 |   5 |  288.4 |
  Orcish Mines |   2635 |   2104 |    531 |    177 |   1106 |   2 | 1317.5 |
   Elven Halls |   5234 |   4514 |    720 |    490 |   2300 |   3 | 1744.7 |
        Vaults |   8660 |   7745 |    915 |    408 |   4057 |   5 | 1732.0 |
        Depths |   5204 |   4554 |    650 |    341 |   1933 |   4 | 1301.0 |
           Zot |   1989 |   1913 |     76 |    112 |      8 |   5 |  397.8 |
         Abyss |    684 |    684 |      0 |     77 |      0 |   1 |  684.0 |
      Ziggurat |    960 |    960 |      0 |    246 |      0 |  11 |   87.3 |
        Bazaar |    102 |    102 |      0 |     40 |     30 |   1 |  102.0 |
         Sewer |    219 |    219 |      0 |      0 |    105 |   1 |  219.0 |
      Ice Cave |   1288 |   1288 |      0 |    679 |     42 |   1 | 1288.0 |
    Desolation |   1056 |   1056 |      0 |      8 |    423 |   1 | 1056.0 |
      Gauntlet |    731 |    731 |      0 |     41 |      0 |   1 |  731.0 |
               +--------+--------+--------+--------+--------+-----+--------+

Top non-repeatable levels by time:
    D:11: 2368 daAuts
 Snake:4: 2194 daAuts
     D:9: 2075 daAuts
Depths:3: 1986 daAuts
Vaults:3: 1910 daAuts
   Elf:3: 1909 daAuts
  Lair:5: 1887 daAuts
  Lair:1: 1862 daAuts
Vaults:5: 1862 daAuts
    D:13: 1835 daAuts
Vaults:1: 1834 daAuts
    D:14: 1814 daAuts
     D:7: 1779 daAuts
   Elf:2: 1728 daAuts
    D:12: 1677 daAuts
